 Dungeon Crawl Stone Soup version 0.30-b1-2-g02819fbbbe (webtiles) character file.

Game seed: 10310233210201090619

9 Alarkh the Charlatan (level 2, 22/22 HPs)
             Began as a Demonspawn Artificer on Nov 22, 2023.
             Got out of the dungeon alive.
             The game lasted 00:00:22 (273 turns).

Alarkh the Charlatan (Demonspawn Artificer)          Turns: 273, Time: 00:00:22

Health: 22/22      AC:  5    Str: 12    XL:     2   Next: 6%
Magic:  2/2        EV: 11    Int: 12    God:
Gold:   33         SH:  0    Dex: 13    Spells: 1/1 levels left

rFire   . . .        a - +0 club
rCold   . . .        (no shield)
rNeg    . . .        b - +0 leather armour
rPois   .            (no helmet)
rElec   .            (no cloak)
rCorr   .            (no gloves)
SInv    .            (no boots)
Will    .....        (no amulet)
Stlth   +            (no ring)
HPRegen 0.23/turn    (no ring)
MPRegen 0.08/turn

%: no passive effects
@: no status effects
A: yellow scales 1
a: no special abilities


You escaped.
You visited 1 branch of the dungeon, and saw 1 of its levels.

You collected 33 gold pieces.

Inventory:

Hand Weapons
 a - a +0 club (weapon)
Armour
 b - a +0 leather armour (worn)
Wands
 c - a wand of flame (13) (quivered)
 d - a wand of charming (15)
 e - a wand of iceblast (5)
Scrolls
 f - a scroll of teleportation {unknown}
 g - a scroll of fog {unknown}


   Skills:
 + Level 2.1 Fighting
 - Level 1.7 Armour
 - Level 0.8 Dodging
 - Level 0.8 Stealth
 - Level 3.0 Evocations


You had one spell level left.
You didn't know any spells.
Your spell library was empty.

Dungeon Overview and Level Annotations

Branches:
Dungeon (1/15)

Altars:


Innate Abilities, Weirdness & Mutations

You are partially covered in yellow scales. (AC +2)


Message History

The quokka bites you.
You hit the quokka.
You kill the quokka!
Your Fighting skill increases to level 2!
No target in view!
No target in view!
Found a stone staircase leading down.
g - a scroll labelled GABI MIBLUMPO You see here a +0 ring mail.
You now have 19 gold pieces (gained 9).
You now have 33 gold pieces (gained 14).
There is a stone staircase leading down here.
A frilled lizard comes into view.
A frilled lizard is nearby!
A frilled lizard is nearby!
The frilled lizard hisses angrily.
The frilled lizard bites you.
You hit the frilled lizard.
You kill the frilled lizard!
You have reached level 2!
Your demonic ancestry asserts itself...
Yellow scales grow over part of your body.
A hobgoblin comes into view.
It is wearing an orb of wrath and quivering poisoned darts.
A hobgoblin is nearby!
Aiming: Throw Flame
Press: ? - help, Shift-Dir - straight line, f - hobgoblin
Aim: a hobgoblin, wearing an orb of wrath and quivering poisoned darts (wandering, hasn't noticed you, 71% to hit)
The puff of flame hits the hobgoblin!
You kill the hobgoblin!
You see here a frilled lizard corpse.
Things that are here:
6 poisoned darts; an orb of wrath; a hobgoblin corpse
h - an orb of wrath You drop an orb of wrath.
Found 5 large rocks.
There is a stone staircase leading down here.
You see here a giant cockroach corpse.
There is a staircase leading out of the dungeon here.
Are you sure you want to leave the Dungeon?
This will make you lose the game!
You have escaped!

## ..( . .... ###.
.... #... .... #..#
#..# ## ..#####
#..#######...###.#...#
.........# #....@....#
#....#.. #...#.###...#
##[#.#.#########..# #
.†.#.#.##......#..#
####.#.# #....# #
#.#.# ##.### ####.#.#
#...# .......# ###.#
####.### #...#


There were no monsters in sight!

Vanquished Creatures
  An endoplasm (D:1)
  2 giant cockroaches (D:1)
  A goblin (D:1)
  A hobgoblin (D:1)
  A quokka (D:1)
  2 frilled lizards (D:1)
8 creatures vanquished.

Notes
Turn   | Place    | Note
-------+----------+-------------------------------------------
     0 | D:1      | Alarkh the Demonspawn Artificer began the quest for the
                  | Orb.
     0 | D:1      | Reached XP level 1. HP: 15/15 MP: 1/1
   204 | D:1      | Gained mutation: You are partially covered in yellow
                  | scales. (AC +2) [demonic ancestry]
   204 | D:1      | Reached XP level 2. HP: 19/22 MP: 2/2
   273 | D:$      | Got out of the dungeon alive.

Illustrated notes

Levels and vault maps discovered:
D:1:      psy_arrival_radial01, layout_loops_ring, serial_glass,
          glass_columns_a, glass_columns_a, item_on_display_a,
          minmay_split_cup_small

Skill      XL: |  1 |
---------------+----+-----
Fighting       | 2 |  2.1
Armour         | |  1.7
Dodging        | |  0.8
Stealth        | |  0.8
Evocations     | |  3.0

Action                     || total
---------------------------++-------
  Melee: Club              ||    30
         Punch             ||     1
  Evoke: Wand              ||     2
 Armour: Leather armour    ||    13
  Dodge: Dodged            ||    33
